 Dungeon Crawl Stone Soup version 0.24.0-41-g2ae2f7f1be (webtiles) character file.

Game seed: 18344499004350828584, levelgen mode: deterministic

4322 FessEmpty the Protected (level 10, -4/56 HPs)
             Began as a Formicid Enchanter on Dec 13, 2019.
             Was a Believer of Hepliaklqana.
             Shot with an arrow by a centaur (7 damage)
             ... on level 9 of the Dungeon.
             The game lasted 00:46:46 (10538 turns).

FessEmpty the Protected (Formicid Enchanter)       Turns: 10538, Time: 00:46:46

Health: -4/56      AC: 12    Str: 12    XL:     10   Next: 58%
Magic:  9/13       EV: 10    Int: 16    God:    Hepliaklqana [**....]
Gold:   470        SH:  0    Dex: 14    Spells: 4/13 levels left

rFire    + + .     SeeInvis +   a - +1 dagger
rCold    . . .     Gourm    .   (no shield)
rNeg     + . .     Faith    .   B - +4 scale mail of the Ecumenical Temple {rF+ rN+}
rPois    +         Spirit   .   (helmet unavailable)
rElec    .         Reflect  .   (no cloak)
rCorr    .         Harm     .   (no gloves)
MR       +....                  (no boots)
Stlth    +++.......             (no amulet)
HPRegen  0.18/turn              y - ring of poison resistance
MPRegen  0.13/turn              D - ring of protection from fire

@: no status effects
A: permanent stasis, dig shafts and tunnels, four strong arms, reduced essence,
antennae 3
a: Dig, Shaft Self, Recall Ancestor, Ancestor Identity, Renounce Religion


You were on level 9 of the Dungeon.
You worshipped Hepliaklqana.
Hepliaklqana was pleased with you.
You were hungry.

You visited 2 branches of the dungeon, and saw 10 of its levels.

You collected 470 gold pieces.

Inventory:

Hand Weapons
 a - a +1 dagger (weapon)
Missiles
 A - 36 poisoned darts (quivered)
Armour
 x - a +0 shield
 B - the +4 scale mail of the Ecumenical Temple (worn) {rF+ rN+}
   (You found it on level 4 of the Dungeon)

   It protects you from fire.
   It protects you from negative energy.
Jewellery
 y - a ring of poison resistance (left hand)
 D - a ring of protection from fire (right hand)
Wands
 j - a wand of acid (10)
 v - a wand of random effects (42)
Scrolls
 g - 2 scrolls of fog {unknown}
 h - 2 scrolls of enchant weapon {unknown}
 i - 6 scrolls of remove curse
 n - 2 scrolls of enchant armour {unknown}
 p - a scroll of random uselessness {unknown}
 u - a scroll of immolation {unknown}
 w - 2 scrolls of magic mapping
 z - 2 scrolls of amnesia {unknown}
Potions
 c - a potion of curing
 k - 3 potions of might
 l - a potion of brilliance {unknown}
 m - 2 potions of ambrosia {unknown}
 q - a potion of agility {unknown}
 r - a potion of mutation {unknown}
 C - a potion of lignification {unknown}
Comestibles
 d - 16 rations
 E - a chunk of flesh


   Skills:
 - Level 7.8 Short Blades
 + Level 9.6 Armour
 - Level 1.7 Dodging
 - Level 9.2 Stealth
 - Level 2.1 Spellcasting
 - Level 7.9 Hexes
 - Level 1.0 Ice Magic


You had 4 spell levels left.
You knew the following spells:

 Your Spells              Type           Power        Failure   Level  Hunger
a - Corona                Hex            ####...      3%          1    #......
b - Ensorcelled Hibernat  Hex/Ice        ###...       19%         2    ###....
c - Confuse               Hex            ####....     9%          3    ###....
d - Dazzling Spray        Conj/Hex       ##....       41%         3    ###....

Your spell library contained the following spells:

 Spells                   Type           Power        Failure   Level  Hunger
 Tukima's Dance           Hex            ####....     9%          3    ###....
 Summon Guardian Golem    Hex/Summ       ##......     41%         3    ###....
 Summon Small Mammal      Summ           #...         61%         1    #......
 Call Imp                 Summ           #.......     75%         2    ###....
 Call Canine Familiar     Summ           #.......     93%         3    ###....
 Summon Ice Beast         Ice/Summ       #.......     99%         4    #####..
 Summon Lightning Spire   Summ/Air       #.......     100%        4    #####..


Dungeon Overview and Level Annotations

Branches:
Dungeon (8/15)             Temple (1/1) D:7
   Lair: D:8-11

Altars:
Ashenzari
Cheibriados
Dithmenos
Elyvilon
Fedhas
Gozag
Hepliaklqana
Kikubaaqudgha
Makhleb
Nemelex Xobeh
Okawaru
Qazlal
Ru
Sif Muna
Trog
Vehumet
Wu Jian
Xom
Yredelemnul
Zin
The Shining One

Shops:
D:5 (


Innate Abilities, Weirdness & Mutations

You cannot be hasted, slowed, berserked, paralysed or teleported.
You can dig through walls and to a lower floor.
Your four strong arms can wield two-handed weapons with a shield.
You have a pair of large antennae on your head. (SInv)
Your life essence is reduced to manifest your ancestor. (-10% HP)


Message History

Aim: Joseph, wielding a +0 hunting sling and wearing a +0 leather armour (chance to defeat MR: 38%) Joseph resists with some effort.
Casting: Confuse (safe; 10% risk of failure)
Confirm with . or Enter, or press ? or * to list all spells.
Aiming: Confuse (safe; 10% risk of failure)
Press: ? - help, Shift-Dir - straight line, f/p - Joseph
Aim: Joseph, wielding a +0 hunting sling and wearing a +0 leather armour (chance to defeat MR: 38%) Joseph appears confused.
Joseph hits you with a cursed +0 hunting sling!
You hit Joseph.
Joseph is lightly wounded.
Joseph hits you with a cursed +0 hunting sling.
You hit Joseph but do no damage.
Joseph is lightly wounded.
Your scale mail of the Ecumenical Temple prevents you from hitting Joseph.
Joseph is lightly wounded.
Joseph hits you but does no damage.
You hit Joseph.
Joseph is lightly wounded.
Sanele hits Joseph.
You barely miss Joseph.
Joseph is lightly wounded.
Joseph hits you but does no damage.
Sanele hits Joseph but does no damage.
You hit Joseph.
Joseph is lightly wounded.
What are your orders? t - Shout!
Orders for allies: a - Attack new target. p - Attack previous target. r - Retreat! s - Stop attacking. g - Guard the area. f - Follow me.
Anything else - Cancel.
Okay, then.
You strike the helpless Joseph from behind!
You impale Joseph!!
Joseph is heavily wounded.
Sanele hits Joseph!
Sanele hits Joseph.
Joseph cries, "My head!
MY HEAD!!!"
Joseph barely misses you.
You strike the helpless Joseph from behind!
You impale Joseph!!
You kill Joseph!
You start resting.
Eating one of 2 chunks of flesh.
You eat one of the 2 chunks of flesh.
This raw flesh tastes terrible.
Your magical contamination has completely faded away.
You start resting.
HP restored.
i - 7 scrolls of remove curse (gained 1)
You sense a monster nearby.
Found a ration.
A killer bee comes into view.
Casting: Confuse (safe; 9% risk of failure)
Confirm with . or Enter, or press ? or * to list all spells.
Aiming: Confuse (safe; 9% risk of failure)
Press: ? - help, Shift-Dir - straight line, f - killer bee
Aim: a killer bee (chance to defeat MR: 65%)
The killer bee appears confused.
Your scale mail of the Ecumenical Temple prevents you from hitting the killer bee.
The killer bee closely misses you.
You strike the helpless killer bee from behind!
You impale the killer bee!!
You kill the killer bee!
Okay, then.
As you read the scroll of identify, it crumbles to dust.
k - 3 potions of might Oops, that ring feels deathly cold.
t - a cursed -3 ring of evasion (right hand)
As you read the scroll of remove curse, it crumbles to dust.
You feel as if something is helping you.
Drop what? 31/52 slots (_ for help) (? for menu, Esc to quit)
You remove your -3 ring of evasion.
You drop a -3 ring of evasion.
D - a ring of protection from fire (right hand)
Okay, then.
Drop what? 30/52 slots (_ for help) (? for menu, Esc to quit)
You drop a +0 robe.
You drop a ring mail.
You drop a +0 chain mail.
As you read the scroll of identify, it crumbles to dust.
f - 2 potions of degeneration Drop what? 26/52 slots (_ for help) (? for menu, Esc to quit)
You drop 2 potions of degeneration.
You swap places.
Are you sure you want to remember your ancestor as a hexer?
It is so.
Okay, then.
Throwing (i - inventory)
A - 36 poisoned darts (quivered)
Press: ? - help, Shift-Dir - straight line, f - Sanele
Aim: Sanele the hexer, wielding a +0 dagger of draining (friendly)
Okay, then.
You see here a killer bee corpse.
A killer bee and a scorpion come into view.
A killer bee comes into view.
An adder and a killer bee come into view.
The helpless killer bee fails to defend itself.
You stick the killer bee like a pincushion!!!
You kill the killer bee!
You see here a killer bee corpse. 3 killer bees come into view.
The helpless killer bee fails to defend itself.
You stick the killer bee like a pincushion!!!
You kill the killer bee!
You miss the killer bee.
The killer bee buzzes angrily.
You hear an angry buzzing noise. x5
A killer bee comes into view.
The killer bee stings you.
You hear an angry buzzing noise.
You miss the killer bee. The killer bee barely misses you.
The killer bee stings you but does no damage.
A killer bee comes into view.
The killer bee stings you but does no damage.
You hit the killer bee but do no damage.
The killer bee stings you. x2
You swap places.
A killer bee comes into view.
The killer bee barely misses Sanele.
Something stings Sanele.
The killer bee stings Sanele.
Something misses Sanele.
You see here a killer bee corpse.
The killer bee stings Sanele.
Something stings Sanele.
A queen bee comes into view.
Casting: Confuse (safe; 9% risk of failure)
Confirm with . or Enter, or press ? or * to list all spells.
Aiming: Confuse (safe; 9% risk of failure)
Press: ? - help, Shift-Dir - straight line, f - killer bee
Aim: a killer bee (chance to defeat MR: 65%)
The killer bee appears confused.
The killer bee stings Sanele.
Sanele hits the killer bee with a +0 dagger of draining.
The killer bee stings Sanele.
Your scale mail of the Ecumenical Temple prevents you from hitting the killer bee.
The adder hisses angrily.
The killer bee stings Sanele!
The killer bee stings you.
Sanele casts a spell at the killer bee.
The killer bee seems to slow down.
The queen bee calls on the killer bee to defend it!
The killer bee shakes off its lethargy.
The killer bee goes berserk!
You hit the killer bee but do no damage.
The killer bee barely misses Sanele.
The killer bee closely misses you.
The killer bee stings Sanele!
Sanele is destroyed!
A killer bee comes into view.
You hit the killer bee.
The killer bee is lightly wounded.
The killer bee barely misses you. The killer bee closely misses you.
You hear an angry buzzing noise. x2; You hear a shout!
Okay, then.
Are you sure you want to shaft yourself?
You are feeling hungry.
The killer bee barely misses you.
The killer bee stings you but does no damage. x2
You begin to dig a shaft.
You continue digging a shaft.
The killer bee barely misses you.
The killer bee buzzes around in tight circles.
The killer bee stings you!
The queen bee calls on the killer bee to defend it!
The killer bee goes berserk!
The killer bee stings you.
The killer bee stings you but does no damage.
A shaft appears beneath you!
You fall into a shaft and drop 1 floor!
The shaft crumbles and collapses.
A scorpion, 3 gnolls and a gnoll sergeant come into view.
The gnoll sergeant shouts!
The gnoll shouts! x2
Something shouts, "Away with thee, thou plume-plucked toot-wallowing boar-pig!"
You hear a shout!
The gnoll hits you but does no damage.
A shadow imp comes into view.
The gnoll throws a throwing net.
The throwing net hits you.
You become entangled in the net!
You see here a throwing net.
You tear a large gash into the net.
The gnoll sergeant completely misses you.
The gnoll barely misses you.
You struggle against the net.
A killer bee comes into view.
The gnoll sergeant hits you from afar with a +0 spear!
The gnoll hits you but does no damage.
The killer bee moves out of view.
You struggle against the net.
The gnoll sergeant barely misses you. The scorpion stings you.
The gnoll hits you but does no damage. x2
You shred the net and break free! The gnoll sergeant misses you.
The scorpion misses you. The gnoll hits you with a +0 spear.
The gnoll hits you but does no damage. The gnoll hits you with a +0 spear!
* * * LOW HITPOINT WARNING * * *
Okay, then.
The gnoll hits you but does no damage.
A centaur comes into view.
The shadow imp gestures at you. Pain shoots through your body!
* * * LOW HITPOINT WARNING * * *
Casting: Confuse (safe; 9% risk of failure)
Confirm with . or Enter, or press ? or * to list all spells.
Aiming: Confuse (safe; 9% risk of failure)
Press: ? - help, Shift-Dir - straight line, f - scorpion
Aim: a scorpion (chance to defeat MR: 56%)
The scorpion resists with significant effort.
The shadow imp hits you.
* * * LOW HITPOINT WARNING * * *
The scorpion stings you but does no damage.
The centaur wields a +0 shortbow.
The centaur shoots an arrow.
The arrow hits you!
You die...

#############
###......##.g.########
..........g.s5@.......
...........g..........
...........g..........
#######.....#c..#...#.
#......###.....#
#......# .....#
#......# .....+
......#. {#####.
....##....


You could see a gnoll sergeant, a centaur, a scorpion, 3 gnolls and a shadow
imp.

Vanquished Creatures
  A two-headed ogre (D:8)
  Pikel (D:4)
  Joseph (D:8)
  A hornet (D:8)
  Duvessa (D:4)
  An ice beast (D:6)
  A slave (D:4)
  An orc warrior (D:6)
  A black bear (D:6)
  2 ogres (D:5)
  3 centaurs (D:6)
  Blork the orc (D:4)
  3 bullfrogs
  2 water moccasin zombies (D:6)
  3 scorpions
  Dowan (D:4)
  3 killer bees (D:8)
  2 crimson imps
  A bullfrog zombie (D:6)
  A centaur zombie (D:7)
  2 hounds
  3 orc priests
  A gnoll shaman (D:4)
  A jelly (D:6)
  A bullfrog skeleton (D:4)
  2 iguanas (D:6)
  3 worker ants
  2 killer bee zombies
  A hound skeleton (D:5)
  11 gnolls
  7 adders
  A shadow imp (D:8)
  2 adder zombies
  A worm (D:2)
  3 dart slugs
  2 leopard geckos
  12 orcs
  5 giant cockroaches
  20 goblins
  12 hobgoblins
  5 jackals
  6 kobolds
  4 quokkas
  2 ball pythons
  6 bats
  5 frilled lizards
  A leopard gecko skeleton (D:6)
  A quokka zombie (D:6)
  12 rats (D:1)
165 creatures vanquished.

Vanquished Creatures (collateral kills)
  An ogre (D:6)
  A scorpion (D:6)
  2 crimson imps (D:6)
  A quasit (D:8)
  A hound (D:6)
  A centaur skeleton (D:5)
  An orc wizard (D:4)
  A hound skeleton (D:7)
  5 gnolls
  An adder (D:3)
  15 orcs
  A bat (D:3)
  2 giant cockroaches
  A goblin (D:3)
  A jackal (D:5)
  A leopard gecko zombie (D:5)
  A rat (D:3)
37 creatures vanquished.

Vanquished Creatures (others)
  An ancestor (D:8)
  A hexer (D:8)
  Robin (D:4)
3 creatures vanquished.

Grand Total: 205 creatures vanquished

Notes
Turn   | Place    | Note
-------+----------+-------------------------------------------
     0 | D:1      | FessEmpty the Formicid Enchanter began the quest for the
                  | Orb.
     0 | D:1      | Reached XP level 1. HP: 13/13 MP: 3/3
    93 | D:1      | Reached XP level 2. HP: 5/19 MP: 0/5
   374 | D:1      | Learned a level 2 spell: Ensorcelled Hibernation
   689 | D:1      | Reached XP level 3. HP: 24/24 MP: 1/6
   758 | D:1      | Reached skill level 1 in Ice Magic
  1342 | D:2      | Found a shadowy altar of Dithmenos.
  1343 | D:2      | Found a radiant altar of Vehumet.
  1345 | D:2      | Found a shimmering blue altar of Sif Muna.
  1355 | D:2      | Reached skill level 5 in Hexes
  1582 | D:2      | Reached XP level 4. HP: 30/30 MP: 7/7
  1782 | D:2      | Learned a level 3 spell: Confuse
  2482 | D:3      | You fall into a shaft and drop 2 floors!
  2482 | D:5      | Entered Level 5 of the Dungeon
  2706 | D:4      | You fall into a shaft and drop 2 floors!
  3037 | D:5      | Found Cutzecur's Weapon Boutique.
  3191 | D:4      | Noticed a slave
  3195 | D:4      | Noticed Pikel
  3200 | D:4      | Noticed a slave
  3201 | D:4      | You fall into a shaft and drop 1 floor!
  3310 | D:5      | You fall into a shaft and drop 2 floors!
  3480 | D:6      | Noticed a bullfrog
  3499 | D:7      | Reached XP level 5. HP: 35/35 MP: 5/8
  3864 | D:7      | Found a staircase to the Ecumenical Temple.
  3865 | D:7      | Noticed a bullfrog
  3872 | D:7      | Killed a bullfrog
  3872 | D:7      | Reached XP level 6. HP: 37/41 MP: 5/9
  3886 | Temple   | Entered the Ecumenical Temple
  3972 | Temple   | Became a worshipper of Hepliaklqana the Forgotten
  4403 | D:7      | Reached XP level 7. HP: 34/41 MP: 0/10
  4554 | D:7      | Found a bloodstained altar of Trog.
  5697 | D:8      | Learned a level 3 spell: Dazzling Spray
  5731 | D:8      | Noticed a hornet
  5743 | D:8      | Killed a hornet
  5743 | D:8      | Reached skill level 5 in Short Blades
  5743 | D:8      | Reached skill level 5 in Stealth
  5743 | D:8      | Reached XP level 8. HP: 19/46 MP: 5/11
  6519 | D:5      | Reached * piety under Hepliaklqana
  6584 | D:4      | Noticed Dowan
  6584 | D:4      | Noticed Duvessa
  6595 | D:4      | Killed Dowan
  6603 | D:4      | Killed Duvessa
  6701 | D:4      | Noticed Robin
  6893 | D:4      | Killed Pikel
  6893 | D:4      | Reached XP level 9. HP: 35/51 MP: 8/12
  6909 | D:4      | Killed Robin
  7013 | D:4      | Found a sacrificial altar of Ru.
  7089 | D:4      | Noticed Blork the orc
  7101 | D:4      | Killed Blork the orc
  7620 | D:4      | Found a glowing silver altar of Zin.
  7935 | D:4      | Got an encrusted scale mail
  7939 | D:4      | Identified the +4 scale mail of the Ecumenical Temple {rF+
                  | rN+} (You found it on level 4 of the Dungeon)
  8183 | D:3      | Reached ** piety under Hepliaklqana
  8622 | D:5      | Found a burning altar of Makhleb.
  8635 | D:5      | Reached skill level 1 in Armour
  9211 | D:6      | Found a basalt altar of Yredelemnul.
  9397 | D:6      | Found a white marble altar of Elyvilon.
  9458 | D:6      | Reached skill level 5 in Armour
  9592 | D:6      | Reached XP level 10. HP: 56/56 MP: 10/13
 10211 | D:8      | Noticed a two-headed ogre
 10212 | D:8      | Noticed a skeletal warrior
 10290 | D:8      | Noticed a two-headed ogre
 10301 | D:8      | Killed a two-headed ogre
 10303 | D:8      | Noticed Joseph
 10391 | D:8      | Killed Joseph
 10492 | D:8      | Remembered your ancestor Sanele as a hexer
 10526 | D:8      | You fall into a shaft and drop 1 floor!
 10538 | D:9      | Shot with an arrow by a centaur

Levels and vault maps discovered:
D:1:      dpeg_arrival_round_c, layout_basic, minmay_rat_gold_closets
D:2:      layout_loops_cross, grunt_temple_overflow_open, first_ration
D:3:      layout_loops_ring
D:4:      layout_cave_pods, kennysheep_mini, lemuel_crystal_altar, uniq_duvessa,
          uniq_pikel, uniq_blork_the_orc, uniq_robin
D:5:      layout_rooms, old_standard_altar, serial_shops, shop
D:6:      minmay_chambers_of_threes, layout_basic, kennysheep_ying_yang
D:7:      layout_basic, old_standard_altar, minmay_temple_entry_crystal_x
D:8:      layout_gridville, dancing_weapons_uskayaw,
          due_lair_maze_entry_diamond, david_nohive_1, jmf_multi_god_temple2,
          uniq_psyche, uniq_harold, uniq_joseph
D:9:      layout_basic, minmay_statues_item, minmay_misc_feat_columns,
          minmay_misc_feat_four_crosses, minmay_fractal_squares_diagonal_5
Temple:   nicolae_temple_hex_pool

Skill      XL: |  1  2  3  4  5  6  7  8  9 10 |
---------------+-------------------------------+-----
Hexes          | 4 5 6 7 |  7.9
Ice Magic      | 1 |  1.0
Short Blades   | 3 5 7 |  7.8
Stealth        | 5 8 9 |  9.2
Armour         | 5 9 |  9.6
Dodging        | |  1.7
Spellcasting   | |  2.1

Action                   |  1- 3 |  4- 6 |  7- 9 | 10-12 || total
-------------------------+-------+-------+-------+-------++-------
Melee: Dagger            |    88 |   171 |   331 |    60 ||   650
 Cast: Corona            |     3 |     5 |       |       ||     8
       Ensorcelled Hiber |    15 |    33 |    42 |     2 ||    92
       Confuse           |       |    11 |    39 |    15 ||    65
Invok: Ancestor Life: He |       |       |       |     1 ||     1
 Abil: Dig               |     1 |       |       |       ||     1
       Shaft Self        |       |     4 |       |     1 ||     5
Evoke: Wand              |       |       |     1 |       ||     1
  Use: Potion            |       |     5 |     1 |       ||     6
       Scroll            |       |     4 |     3 |     3 ||    10
 Stab: Sleeping          |    21 |    24 |    33 |     5 ||    83
       Confused          |       |     5 |    18 |     9 ||    32
       Distracted        |       |       |     5 |       ||     5
  Eat: Chunk             |     3 |     7 |    24 |     5 ||    39
       Ration            |       |     2 |       |       ||     2
Armor: Robe              |    14 |     4 |     8 |       ||    26
       Chain mail        |       |    39 |       |       ||    39
       Scale mail        |       |       |    67 |    29 ||    96
Dodge: Dodged            |    48 |    70 |   141 |    32 ||   291
